 Dungeon Crawl Stone Soup version 0.27.1-33-g824d729ab1 (webtiles) character file.

Game seed: 8120641722836701843

125 Holzbalken the Poker (level 4, -1/33 HPs)
             Began as a Demonspawn Gladiator on Dec 3, 2021.
             Slain by an adder (2 damage)
             ... on level 3 of the Dungeon.
             The game lasted 00:10:13 (3347 turns).

Holzbalken the Poker (Demonspawn Gladiator)         Turns: 3347, Time: 00:10:13

Health: -1/33      AC:  7    Str: 13 (15) XL:     4   Next: 82%
Magic:  4/4        EV:  6    Int:  7 (10) God:
Gold:   111        SH:  0    Dex: 13 (14) Spells: 3/3 levels left

rFire    . . .     SeeInvis .   a - +0 trident
rCold    . . .     Faith    .   (no shield)
rNeg     . . .     Spirit   .   k - +0 scale mail
rPois    .         Reflect  .   c - +0 helmet
rElec    .         Harm     .   (no cloak)
rCorr    +         Rampage  .   (no gloves)
Will     .....                  (no boots)
Stlth    ..........             (no amulet)
HPRegen  0.11/turn              i - ring of resist corrosion
MPRegen  0.09/turn              (no ring)

@: about to teleport, constricted
A: claws 1, ignite blood 1
a: no special abilities


You were on level 3 of the Dungeon.
You visited 1 branch of the dungeon, and saw 3 of its levels.

You collected 111 gold pieces.

Inventory:

Hand Weapons
 a - a +0 trident (weapon)
Missiles
 d - 3 throwing nets (quivered)
Armour
 b - a +0 leather armour
 c - a +0 helmet (worn)
 k - a +0 scale mail (worn)
Jewellery
 i - a ring of resist corrosion (left claw)
Scrolls
 f - a scroll of enchant armour {unknown}
 j - 4 scrolls of identify {unknown}


   Skills:
 - Level 2.0 Fighting
 + Level 5.1 Polearms
 - Level 1.7 Throwing
 - Level 2.6 Dodging


You had 3 spell levels left.
You didn't know any spells.
Your spell library contained the following spells:

 Spells                   Type           Power      Damage    Failure   Level
 Dazzling Flash           Conj/Hex       0%         N/A       100%        3
 Hailstorm                Conj/Ice       0%         3d3       100%        4
 Ice Form                 Ice/Tmut       0%         N/A       100%        4
 Iskenderun's Mystic Bla  Conj/Tloc      0%         2d3       100%        4
 Simulacrum               Ice/Necr       0%         N/A       100%        6
 Starburst                Conj/Fire      0%         6d3       100%        6


Dungeon Overview and Level Annotations

Branches:
Dungeon (3/15)

Altars:
Wu Jian

Shops:
D:1 [

Annotations:
D:3 1 runed translucent door, Descartes's ghost, amateur SpWr


Innate Abilities, Weirdness & Mutations

You have sharp fingernails.
Your demonic aura sometimes causes spilled blood to erupt in flames.


Message History

The adder barely misses you.
The ball python bites you but does no damage.
The ball python constricts you. The adder closely misses you.
You closely miss the adder.
The adder is lightly wounded.
The ball python bites you but does no damage.
The ball python constricts you.
* * * LOW HITPOINT WARNING * * *
The adder bites you but does no damage.
You miss the adder.
The adder is lightly wounded.
The adder bites you but does no damage. The ball python barely misses you.
The ball python constricts you.
You miss the adder.
The adder is lightly wounded.
The adder bites you.
* * * LOW HITPOINT WARNING * * *
The ball python bites you but does no damage.
The ball python constricts you. The adder bites you.
* * * LOW HITPOINT WARNING * * *
You aren't carrying any potions.
As you read the scroll labelled OTYRRA XYXKIA, it crumbles to dust.
You hear a loud clanging noise!
It was a scroll of noise.
You hear a shout! x4
The ball python bites you.
* * * LOW HITPOINT WARNING * * *
The ball python constricts you.
* * * LOW HITPOINT WARNING * * *
The adder bites you but does no damage. The ball python barely misses you.
The ball python constricts you.
You escape the ball python's grasp.
As you read the scroll labelled CUHAIJ YXIGU, it crumbles to dust.
You feel a surge of unholy energy.
The adder convulses!
It was a scroll of torment.
The adder closely misses you.
As you read the scroll labelled QEBUEWNIOPS, it crumbles to dust.
You feel strangely unstable.
It was a scroll of teleportation.
The adder closely misses you. The ball python closely misses you.
The ball python grabs you. The ball python constricts you. The adder bites you.
You die...

#.....# #..........
#.....# #..........
#.....## #..........
#......# #..........
#......#########........#
#..............##......#
###.#######g.........###
##.######SS#+#..#.......
#......#.@##.##....##..#
#........##W..##...# ..
#.......##.....##..# #
#.......#⌠.!♣!.⌠#..######.
#.......##.....##.........
#........##...##.....#####
##.#.###..##⌠##..#........
#...# ##..###....>.###...
#..## ##......##........


You could see Descartes's ghost, an adder, a hobgoblin and a ball python.

Vanquished Creatures
  An iguana (D:2)
  4 adders
  An ufetubus (D:3)
  3 worms (D:2)
  A dart slug (D:2)
  A bat (D:2)
  8 endoplasms
  4 giant cockroaches
  5 goblins
  3 hobgoblins
  4 quokkas
  2 ball pythons (D:1)
  2 frilled lizards
  3 kobolds
  6 rats
48 creatures vanquished.

Notes
Turn   | Place    | Note
-------+----------+-------------------------------------------
     0 | D:1      | Holzbalken the Demonspawn Gladiator began the quest for the
                  | Orb.
     0 | D:1      | Reached XP level 1. HP: 16/16 MP: 1/1
    33 | D:1      | Found Alyuhih's Armour Boutique.
   366 | D:1      | Reached skill level 3 in Polearms
   628 | D:1      | Gained mutation: Your demonic aura sometimes causes spilled
                  | blood to erupt in flames. [demonic ancestry]
   628 | D:1      | Reached XP level 2. HP: 21/22 MP: 2/2
  1570 | D:2      | Found an ornate altar of the Wu Jian Council.
  1595 | D:2      | Reached XP level 3. HP: 24/27 MP: 3/3
  1638 | D:2      | Reached skill level 4 in Polearms
  2000 | D:2      | Gained mutation: You have sharp fingernails. [demonic
                  | ancestry]
  2000 | D:2      | Reached XP level 4. HP: 4/33 MP: 4/4
  2841 | D:3      | Reached skill level 5 in Polearms
  3207 | D:3      | Found a runed translucent door.
  3207 | D:3      | Noticed Descartes's ghost (amateur SpWr)
  3344 | D:3      | HP: 1/33 [constriction (1)]
  3347 | D:3      | Slain by an adder

Illustrated notes

Levels and vault maps discovered:
D:1:      minmay_arrival_nine_rooms, layout_basic, serial_shops,
          nicolae_shop_waterfront, minmay_misc_feat_more_columns
D:2:      layout_loops_ring, basic_altar
D:3:      layout_rooms, hellmonk_ghost_happy_afterlife,
          minmay_tree_intersection, serial_bayou_pond_b

Skill      XL: |  1  2  3  4 |
---------------+-------------+-----
Polearms       | 3 4 5 |  5.1
Fighting       | |  2.0
Throwing       | |  1.7
Dodging        | |  2.6

Action                   |  1- 3 |  4- 6 || total
-------------------------+-------+-------++-------
Melee: Trident           |   124 |    77 ||   201
  Use: Scroll            |       |     3 ||     3
       Potion            |       |     3 ||     3
 Stab: Sleeping          |     2 |       ||     2
Armor: Leather armour    |    23 |       ||    23
       Scale mail        |     2 |    57 ||    59
Dodge: Dodged            |    47 |    52 ||    99
